 Dungeon Crawl Stone Soup version 0.31-a0-360-gb3e1d13bf4 (webtiles) character file.

Game seed: 11615516859508435778

5177 pokeman the Thaumaturge (level 10, 0/57 HPs)
             Began as a Deep Elf Hedge Wizard on July 26, 2023.
             Slain by an orc warlord
             ... wielding a +3 broad axe
              (6 damage)
             ... in a bailey.
             The game lasted 00:19:40 (9202 turns).

pokeman the Thaumaturge (Deep Elf Hedge Wizard)     Turns: 9202, Time: 00:19:41

Health: 0/57       AC: 13    Str: 10    XL:     10   Next: 34%
Magic:  8/29       EV: 13    Int: 30    God:
Gold:   404        SH:  0    Dex: 14    Spells: 20/35 levels left

rFire   x . .        Q - +3 dagger "Wamn" {flame, rC++ Str+3}
rCold   . . .        (no shield)
rNeg    . . .        s - +0 robe {Will+}
rPois   +            j - +2 hat
rElec   .            M - +0 cloak {Stlth+}
rCorr   .            (no gloves)
SInv    .            (no boots)
Will    ++...        m - amulet of Elemental Vulnerability {rPois rF-- rC-- AC+8}
Stlth   +++          z - +6 ring of intelligence
HPRegen 0.29/turn    w - ring of protection from fire
MPRegen 0.21/turn

%: no passive effects
@: on blink cooldown
A: no striking features
a: no special abilities


You were in a bailey.
You visited 2 branches of the dungeon, and saw 9 of its levels.
You also visited: Bailey.

You collected 404 gold pieces.

Inventory:

Hand Weapons
 L - a +4 quarterstaff of chaos
 Q - the +3 dagger "Wamn" (weapon) {flame, rC++ Str+3}
   (You found it on level 7 of the Dungeon)

   Str:       It affects your strength (+3).
   rC:        It greatly protects you from cold.
Missiles
 A - a throwing net
 I - 4 curare-tipped darts
Armour
 j - a +2 hat (worn)
 s - a +0 robe of willpower (worn)
 F - +0 acid dragon scales
 M - a +0 cloak of stealth (worn)
Magical Staves
 K - a staff of conjuration
Jewellery
 e - a +5 ring of evasion
 m - the amulet of Elemental Vulnerability (around neck) {rPois rF-- rC-- AC+8}
   (You found it on level 2 of the Dungeon)

   [amulet of nothing]

   AC:        It affects your AC (+8).
   rF:        It makes you very vulnerable to fire.
   rC:        It makes you very vulnerable to cold.
   rPois:     It protects you from poison.
 w - a ring of protection from fire (right hand)
 z - a +6 ring of intelligence (left hand)
 J - a ring of willpower
 T - an amulet of the acrobat
Wands
 a - a wand of charming (3)
 u - a wand of quicksilver (25)
 H - a wand of roots (11)
 P - a wand of flame (12)
Scrolls
 f - a scroll of fog {unknown}
 g - a scroll of revelation {unknown}
 h - 6 scrolls of teleportation {unknown}
 l - 5 scrolls of identify {unknown}
 t - 2 scrolls of vulnerability {unknown}
 x - a scroll of immolation {unknown}
 y - a scroll of amnesia {unknown}
 B - a scroll of torment {unknown}
 E - a scroll of enchant weapon {unknown}
 G - a scroll of fear {unknown}
 N - a scroll of enchant armour {unknown}
 O - a scroll of summoning {unknown}
 R - a scroll of silence {unknown}
 S - a scroll of blinking {unknown}
Potions
 b - 3 potions of heal wounds {unknown}
 c - 2 potions of haste {unknown}
 d - 2 potions of magic
 i - 2 potions of lignification {unknown}
 k - 2 potions of attraction {unknown}
 n - 2 potions of degeneration {unknown}
 o - 4 potions of enlightenment {unknown}
 p - 2 potions of ambrosia {unknown}
 q - a potion of invisibility {unknown}
 r - 2 potions of cancellation {unknown}
 v - 2 potions of curing {unknown}
 C - a potion of resistance {unknown}
 D - a potion of might {unknown}


   Skills:
 + Level 4.3 Fighting
 - Level 3.0 Armour
 - Level 3.0 Dodging
 - Level 3.0 Stealth
 * Level 13.3 Spellcasting
 + Level 7.6 Conjurations
 - Level 1.1 Summonings
 - Level 1.1 Translocations
 + Level 6.8 Fire Magic
 - Level 1.1 Air Magic
 - Level 1.0 Poison Magic
 - Level 1.3 Evocations


You had 20 spell levels left.
You knew the following spells:

 Your Spells              Type           Power      Damage    Failure   Level
a - Magic Dart            Conj           100%       1d8       1%          1
b - Mephitic Cloud        Conj/Pois/Air  39%        N/A       1%          3
c - Call Imp              Summ           52%        N/A       2%          2
d - Blink                 Tloc           52%        N/A       2%          2
e - Flame Wave            Conj/Fire      58%        2d14      1%          4
f - Swiftness             Air            26%        N/A       4%          3

Your spell library contained the following spells:

 Spells                   Type           Power      Damage    Failure   Level
 Scorch                   Fire           100%       2d9       1%          2
 Slow                     Hex            76%        N/A       2%          1
 Cigotuvi's Dreadful Rot  Necr/Pois/Air  48%        N/A       2%          2
 Ensorcelled Hibernation  Hex/Ice        38%        N/A       3%          2
 Passwall                 Tmut/Erth      15%        N/A       3%          2
 Ozocubu's Armour         Ice            19%        N/A       8%          3
 Metabolic Englaciation   Hex/Ice        9%         N/A       56%         5
 Summon Cactus Giant      Summ           13%        N/A       94%         6
 Simulacrum               Ice/Necr       9%         N/A       98%         6


Dungeon Overview and Level Annotations

Branches:
Dungeon (8/15)             Temple (1/1) D:6          Bailey (1/1)
   Lair: D:8-11

Altars:
Ashenzari
Cheibriados
Elyvilon
Gozag
Hepliaklqana
Kikubaaqudgha
Makhleb
Nemelex Xobeh
Okawaru
Qazlal
Ru
Sif Muna
Trog
Uskayaw
Wu Jian
Xom
Yredelemnul
Zin
The Shining One

Shops:
D:1 [   D:2 *


Message History

The orc warrior hits you with a +0 war axe.
The goblin is engulfed in noxious fumes.
The goblin appears confused.
The goblin hits the orc warrior with a +0 war axe!
Unknown command.
Casting: Mephitic Cloud (safe; 1% risk of failure)
Confirm with . or Enter, or press ? or * to list all spells.
Casting: Flame Wave (dangerous; 1% risk of failure)
Press: ? - help, Dir - look around, f - activate A wave of flame ripples out!
The flame wave engulfs the orc warrior!
You kill the orc warrior! (Press . to intensify the flame waves.)
The goblin is engulfed in noxious fumes.
The goblin appears confused.
An orc warlord comes into view. It is wielding a +3 broad axe.
A wave of flame ripples out!
The flame wave engulfs the goblin!
You kill the goblin!
Unknown command.
The orc warlord is engulfed in noxious fumes.
Casting: Flame Wave (dangerous; 1% risk of failure)
Confirm with . or Enter, or press ? or * to list all spells.
Aiming: Mephitic Cloud (safe; 1% risk of failure)
Press: ? - help, Shift-Dir - straight line The ball explodes into a vile cloud!
The stinking cloud engulfs the orc warlord but does no damage.
The orc warlord is engulfed in noxious fumes.
Unknown command.
Unknown command.
The orc warlord is engulfed in noxious fumes.
The orc warlord is engulfed in noxious fumes.
The orc warlord hits you with a +3 broad axe!!
Ouch! That really hurt!
* * * LOW HITPOINT WARNING * * *
Casting: Mephitic Cloud (safe; 1% risk of failure)
Confirm with . or Enter, or press ? or * to list all spells.
You blink.
Found a scroll labelled HEYVVEFFUELU.
The orc warlord is engulfed in noxious fumes.
The orc warlord attacks as you move away!
The orc warlord hits you with a +3 broad axe.
You die...

###.### ###.#
###.....### ###....
##.........###......
#..........)#.......
#.........).'.......
#.....⌠..)).#.....⌠.
#.....§..)))#.......
#...o.......#.......
##)@.°.....###......
#)#.....### ###....
..)###.### ###.#
...... ### ###
?....... #. ........
#. ....⌠.... #.
....... #. #.


You could see an orc warlord.

Vanquished Creatures
  Maggie (D:6)
  Prince Ribbit (D:5)
  A troll (D:6)
  A wraith (D:6)
  5 yaks (D:8)
  Eustachio (D:5)
  A wyvern (D:8)
  A steam dragon (D:7)
  Duvessa (D:5)
  A water moccasin (D:6)
  An ice beast (D:4)
  9 orc warriors
  A sky beast (D:7)
  2 ogres
  A centaur (D:6)
  A kobold brigand (D:6)
  2 bullfrogs (D:6)
  3 scorpions
  Dowan (D:5)
  A wight (D:8)
  5 killer bees (D:8)
  A howler monkey (D:6)
  3 jellies
  6 orc priests
  4 hounds
  A gnoll bouda (D:6)
  Crazy Yiuf (D:6)
  2 sleepcaps
  Ijyb (D:3)
  2 iguanas (D:5)
  5 orc wizards
  11 gnolls
  5 adders
  4 white imps
  3 worms
  4 dart slugs
  27 orcs
  12 endoplasms
  A giant cockroach (D:1)
  16 goblins
  19 hobgoblins
  4 jackals (D:4)
  3 quokkas
  6 ball pythons
  3 bats
  3 frilled lizards
  10 kobolds
  8 rats
206 creatures vanquished.

Vanquished Creatures (collateral kills)
  An orc (D:3)
  An endoplasm (D:3)
2 creatures vanquished.

Grand Total: 208 creatures vanquished

Notes
Turn   | Place    | Note
-------+----------+-------------------------------------------
     0 | D:1      | pokeman the Deep Elf Hedge Wizard began the quest for the
                  | Orb.
     0 | D:1      | Reached XP level 1. HP: 10/10 MP: 7/7
   217 | D:1      | Reached XP level 2. HP: 16/16 MP: 1/9
   634 | D:1      | Reached skill level 5 in Spellcasting
   776 | D:1      | Reached XP level 3. HP: 16/20 MP: 6/11
   781 | D:1      | Learned a level 3 spell: Mephitic Cloud
   784 | D:1      | Learned a level 2 spell: Call Imp
   787 | D:1      | Learned a level 2 spell: Blink
   900 | D:1      | Found Tucynly's Antique Armour Boutique.
   947 | D:1      | Reached skill level 1 in Armour
  1337 | D:2      | Found the amulet of Elemental Vulnerability {rPois rF--
                  | rC-- AC+8}
  1519 | D:2      | Reached skill level 1 in Fighting
  1721 | D:2      | Found Yffo's Assorted Antiques.
  2294 | D:3      | Reached XP level 4. HP: 25/25 MP: 9/13
  2873 | D:3      | Reached skill level 6 in Spellcasting
  2873 | D:3      | Reached XP level 5. HP: 29/29 MP: 5/15
  3220 | D:3      | Identified the +0 robe "Odwumil" {Dex+3}
  3320 | D:3      | Noticed Ijyb
  3332 | D:3      | Killed Ijyb
  3333 | D:3      | Reached skill level 1 in Poison Magic
  3963 | D:4      | Found an iron altar of Okawaru.
  4055 | D:4      | Learned a level 4 spell: Flame Wave
  4297 | D:4      | Learned a level 3 spell: Swiftness
  4330 | D:4      | Reached skill level 1 in Air Magic
  4501 | D:4      | Noticed an ice beast
  4520 | D:4      | Killed an ice beast
  4521 | D:4      | Reached skill level 1 in Evocations
  4521 | D:4      | Reached XP level 6. HP: 17/34 MP: 13/17
  4699 | D:4      | Reached skill level 7 in Spellcasting
  5074 | D:5      | Entered Level 5 of the Dungeon
  5152 | D:5      | Reached skill level 1 in Fire Magic
  5233 | D:5      | Noticed Dowan
  5268 | D:5      | Killed Dowan
  5270 | D:5      | Noticed Eustachio
  5276 | D:5      | Noticed Duvessa
  5283 | D:5      | Killed Eustachio
  5284 | D:5      | Reached XP level 7. HP: 32/39 MP: 14/20
  5310 | D:5      | Killed Duvessa
  5311 | D:5      | Reached skill level 8 in Spellcasting
  5538 | D:5      | Noticed Prince Ribbit
  5547 | D:5      | Killed Prince Ribbit
  5588 | D:5      | Reached XP level 8. HP: 34/44 MP: 10/22
  6271 | D:6      | Noticed Maggie
  6292 | D:6      | Killed Maggie
  6293 | D:6      | Reached skill level 9 in Spellcasting
  6381 | D:6      | Noticed a troll
  6391 | D:6      | Killed a troll
  6392 | D:6      | Reached skill level 5 in Conjurations
  6464 | D:6      | Reached skill level 10 in Spellcasting
  6933 | D:6      | Reached XP level 9. HP: 48/48 MP: 19/25
  7229 | D:6      | Found a staircase to the Ecumenical Temple.
  7238 | Temple   | Entered the Ecumenical Temple
  7311 | D:6      | Reached skill level 11 in Spellcasting
  7312 | D:6      | Reached skill level 5 in Fire Magic
  7560 | D:6      | Found a runed translucent door.
  7561 | D:6      | Noticed Crazy Yiuf
  7567 | D:6      | Killed Crazy Yiuf
  8046 | D:7      | Identified the +3 dagger "Wamn" {flame, rC++ Str+3}
  8101 | D:7      | Reached skill level 12 in Spellcasting
  8166 | D:7      | Found a hide-covered altar of Uskayaw.
  8565 | D:8      | Found a white marble altar of Elyvilon.
  8610 | D:8      | Found an opulent altar of Gozag.
  8631 | D:8      | Found a hazy altar of Hepliaklqana.
  8678 | D:8      | Reached XP level 10. HP: 33/56 MP: 13/28
  8790 | D:8      | Found a flagged portal.
  8795 | D:8      | Reached skill level 13 in Spellcasting
  8799 | Bailey   | Entered a bailey
  9194 | Bailey   | Noticed an orc warlord
  9202 | Bailey   | Slain by an orc warlord

Illustrated notes

Levels and vault maps discovered:
D:1:      spicycebolla_green_bress_n_ham_2, layout_rooms, serial_shops, shop,
          grunt_decor_clamped
D:2:      layout_loops_cross, serial_shops, shop, serial_forest,
          infiniplex_forest_corner_1, infiniplex_forest_lined_1,
          infiniplex_forest_lined_room_2, infiniplex_forest_straight_2,
          infiniplex_forest_straight_2, infiniplex_forest_lined_room_,
          infiniplex_forest_diagonal, infiniplex_forest_clump_long,
          infiniplex_forest_lined_corner, dk_vineyard_1
D:3:      layout_basic, kennysheep_decorative_pillar, uniq_ijyb
D:4:      layout_layer_cave, okawaru_ov_weapons_minmay,
          hangedman_abyss_or_decor_slice
D:5:      layout_cave_pods, serial_column_ruins, column_ruins_hut,
          column_ruins_columns_straight, column_ruins_open_tiny,
          column_ruins_grid_3, item_on_display_a, uniq_prince_ribbit1,
          uniq_eustachio, uniq_duvessa
D:6:      cheibrodos_barr_body, layout_loops_corners, minmay_temple_entry_waves,
          uniq_maggie, uniq_crazy_yiuf_cottage
D:7:      layout_basic, mainiacjoe_overflow_cross_hatched, solitary_fountain,
          hangedman_decor_points
D:8:      layout_loops_ring, mainiacjoe_overflow_large_starburst,
          mainiacjoe_overflow_small_starburst, enter_bailey_3
Temple:   dpeg_chambers_temple
Bailey:   bailey_axe_minmay_hex_keep, bailey

Skill      XL: |  1  2  3  4  5  6  7  8  9 10 |
---------------+-------------------------------+-----
Spellcasting   | 5 6 7 8 10 12 13 | 13.3
Armour         | 1 3 |  3.0
Conjurations   | 2 3 4 5 7 |  7.6
Fighting       | 1 2 3 4 |  4.3
Stealth        | 3 |  3.0
Dodging        | 3 |  3.0
Poison Magic   | 1 |  1.0
Air Magic      | 1 |  1.1
Evocations     | 1 |  1.3
Fire Magic     | 2 3 4 6 |  6.8
Summonings     | |  1.1
Translocations | |  1.1

Action                     |  1- 3 |  4- 6 |  7- 9 | 10-12 || total
---------------------------+-------+-------+-------+-------++-------
  Melee: Dagger            |     8 |    49 |    14 |    25 ||    96
         Falchion          |       |    38 |    79 |       ||   117
         Punch             |       |       |     1 |     1 ||     2
   Cast: Magic Dart        |   124 |    98 |    53 |    29 ||   304
         Call Imp          |       |     7 |     1 |       ||     8
         Mephitic Cloud    |       |    11 |    25 |     5 ||    41
         Flame Wave        |       |       |    18 |     9 ||    27
         Blink             |       |       |       |     1 ||     1
   Stab: Sleeping          |     1 |       |       |     1 ||     2
         Confused          |       |     8 |     6 |     4 ||    18
 Armour: Robe              |     2 |    33 |    38 |    17 ||    90
  Dodge: Dodged            |     9 |    83 |    80 |    32 ||   204

Table legend: (Time is in decaauts)
 A = Elapsed time spent in this place.
 B = Non-inter-level travel time spent in this place.
 C = Inter-level travel time spent in this place.
 D = Time resting spent in this place.
 E = Time spent auto-exploring this place.
 F = Levels seen in this place.
 G = Mean time per level.
                   A        B        C        D        E       F      G
               +--------+--------+--------+--------+--------+-----+--------+
         Total |   9238 |   9066 |    172 |    123 |   7462 |  10 |  923.8 |
       Dungeon |   8833 |   8661 |    172 |     94 |   7207 |   8 | 1104.1 |
        Temple |      1 |      1 |      0 |      0 |      0 |   1 |    1.0 |
        Bailey |    402 |    402 |      0 |     29 |    255 |   1 |  402.0 |
               +--------+--------+--------+--------+--------+-----+--------+

Top non-repeatable levels by time:
     D:3: 1498 daAuts
     D:4: 1429 daAuts
     D:6: 1415 daAuts
     D:1: 1186 daAuts
     D:5: 1182 daAuts
     D:2: 965 daAuts
     D:7: 903 daAuts
  Bailey: 402 daAuts
     D:8: 251 daAuts
  Temple: 1 daAuts
